AoeStats
← La bestia

Black Forest

511630002Analyzed
2v2 RM · 12d ago on Oct 5, 2026· 40m 40s· 4 players
Game mode
Random Map
Map size
Medium (4 player)
Population
200
Speed
Normal
Resources
Standard
Victory
Conquest
Starting age
Dark Age
Ending age
Imperial Age
RankedLock teamsTeams togetherTeam positionsShared explorationLock speedFull tech treeHidden civsTurbo modeCheats
Victory
Defeat
🇻🇪 Italians · Venezuela
994
+14
🇻🇪 Goths · Venezuela
865
+20
vs
🇨🇦 Celts · Canada
967
-18
🇦🇷 Franks · Argentina
922
-16
La bestia
1:31 Loom
18:11 Feudal Age
21:55 Castle Age
20:10 Double-Bit Axe
20:39 Gold Mining
24:31 Wheelbarrow
26:41 Imperial Age
24:57 Squires
27:30 Forging
28:59 Scale Mail Armor
29:35 Iron Casting
34:22 Conscription
35:58 Bow Saw
38:44 Anarchy
40:28 Spies/Treason
Fryn0x
0:44 Loom
14:00 Feudal Age
17:50 Double-Bit Axe
23:50 Horse Collar
27:49 Castle Age
26:28 Gold Mining
26:23 Fishing Lines
28:33 Gillnets
28:56 Bow Saw
29:51 Wheelbarrow
31:53 Coinage
35:37 Hand Cart
35:27 Heavy Plow
39:17 Imperial Age
40:28 Banking
Jman
0:30 Loom
15:34 Feudal Age
26:51 Castle Age
27:04 Wheelbarrow
27:11 Horse Collar
30:26 Double-Bit Axe
32:35 Husbandry
35:39 Imperial Age
xxxsoniicoxxx
2:52 Loom
11:45 Feudal Age
14:03 Town Watch
14:42 Fletching
16:17 Double-Bit Axe
17:05 Arson
17:28 Padded Archer Armor
17:53 Man-at-Arms
20:01 Scale Mail Armor
26:46 Castle Age
26:22 Forging
27:35 Pikeman
28:16 Squires
28:21 Crossbowman
34:56 Elite Skirmisher
Connection lost

Rejoining the realm…

Still unreachable

The connection could not be restored.

Session expired

The server has moved on; the page needs a fresh start.